NYP
TRI-CITY DUST DEVILS @ AUBURN DOUBLEDAYS
08/17/2045
 
TOP OF THE 1ST
Tri-City Dust Devils batting - Pitching for Auburn Doubledays : LHP Peni Keli'i
Pitching: LHP Peni Keli'i
Batting: RHB Jaden Scott 0-0: Called Strike
0-1: Swinging Strike
0-2: Ball
1-2: Strikes out swinging
Batting: LHB Ramon Vega 0-0: Called Strike
0-1: Ball
1-1: Ball
2-1: Ground out 4-3 (Groundball, 4, EV 90.6 MPH)
Batting: RHB Mike Maserang 0-0: Called Strike
0-1: Ground out 5-3 (Groundball, 56S, EV 88.8 MPH)
Top of the 1st over - 0 runs, 0 hits, 0 errors, 0 left on base; Tri-City 0 - Auburn 0
BOTTOM OF THE 1ST
Auburn Doubledays batting - Pitching for Tri-City Dust Devils : LHP Billy Kline
Pitching: LHP Billy Kline
Batting: LHB Kyung-jin Cho 0-0: Ball
1-0: Ball
2-0: Ball
3-0: Base on Balls
Batting: RHB Derek Moran 0-0: Fielders Choice at 2nd, 4-6 (Groundball, 34, EV 105.0 MPH)
Batting: RHB Jesus Malave 0-0: Called Strike
0-1: Ball
1-1: Ball
2-1: Ball
3-1: Fly out, F8 (Flyball, 78M, EV 93.1 MPH)
Batting: RHB Nick Moreno 0-0: Fly out, F9 (Line Drive, 9, EV 95.0 MPH)
Bottom of the 1st over - 0 runs, 0 hits, 0 errors, 1 left on base; Tri-City 0 - Auburn 0
TOP OF THE 2ND
Tri-City Dust Devils batting - Pitching for Auburn Doubledays : LHP Peni Keli'i
Batting: LHB Sammy Roddenberry 0-0: Called Strike
0-1: Ball
1-1: Fly out, F8 (Flyball, 8RM, EV 88.1 MPH)
Batting: RHB Rich Justice 0-0: Called Strike
0-1: Foul Ball, location: 2F
0-2: Ball
1-2: Ball
2-2: Foul Ball, location: 2F
2-2: Foul Ball, location: 2F
2-2: Foul Ball, location: 2F
2-2: Foul Ball, location: 2F
2-2: Foul Ball, location: 2F
2-2: Strikes out swinging
Batting: LHB Mike Schermerhorn 0-0: Ball
1-0: Called Strike
1-1: Called Strike
1-2: Strikes out swinging, 2-3 out at first.
Top of the 2nd over - 0 runs, 0 hits, 0 errors, 0 left on base; Tri-City 0 - Auburn 0
BOTTOM OF THE 2ND
Auburn Doubledays batting - Pitching for Tri-City Dust Devils : LHP Billy Kline
Batting: RHB Steve Bauman 0-0: Foul Ball, location: 2F
0-1: Called Strike
0-2: Fly out, F8 (Flyball, 78D, EV 103.8 MPH)
Batting: RHB Gabe Almazan 0-0: Ball
1-0: Fly out, F9 (Flyball, 89M, EV 93.1 MPH)
Batting: LHB Yoshiya Kurokawa 0-0: Ball
1-0: Ball
2-0: Called Strike
2-1: Foul Ball, location: 2F
2-2: Ball
3-2: Fly out, F8 (Flyball, 8RS, EV 91.2 MPH)
Bottom of the 2nd over - 0 runs, 0 hits, 0 errors, 0 left on base; Tri-City 0 - Auburn 0
TOP OF THE 3RD
Tri-City Dust Devils batting - Pitching for Auburn Doubledays : LHP Peni Keli'i
Batting: LHB Roger Duque 0-0: Ball
1-0: Called Strike
1-1: Foul Ball, location: 2F
1-2: Strikes out swinging
Batting: SHB Alex Orozco 0-0: DOUBLE (Line Drive, 78M, EV 107.5 MPH)
Batting: RHB Stephon Hill 0-0: Ball
1-0: Ground out U3 (Groundball, 3S, EV 70.0 MPH)
Alex Orozco to third
Batting: RHB Jaden Scott 0-0: TRIPLE (Flyball, 89XD, EV 91.2 MPH)
Alex Orozco scores
Hidden ball trick at third base, runner out!
Top of the 3rd over - 1 run, 2 hits, 0 errors, 0 left on base; Tri-City 1 - Auburn 0
BOTTOM OF THE 3RD
Auburn Doubledays batting - Pitching for Tri-City Dust Devils : LHP Billy Kline
Batting: RHB Alex Blanco 0-0: Fly out, F8 (Flyball, 8LXD, EV 90.0 MPH)
Batting: RHB Brian Walker 0-0: DOUBLE (Groundball, 5L, EV 103.8 MPH)
Batting: LHB Kyung-jin Cho 0-0: Foul Ball, location: 2F
0-1: Ball
Wild Pitch!
Brian Walker to third
1-1: Ball
2-1: Swinging Strike
2-2: Foul Ball, location: 2F
2-2: Strikes out looking
Batting: RHB Derek Moran 0-0: Ball
1-0: SINGLE (Line Drive, 89S, EV 89.4 MPH)
Brian Walker scores
Batting: RHB Jesus Malave 0-0: Ball
1-0: Called Strike
1-1: Called Strike
Derek Moran steals 2nd base
1-2: Ball
2-2: SINGLE (Line Drive, 89S, EV 96.9 MPH)
Derek Moran to third
Runner from 3rd tries for Home, SAFE, throw by RF to home
Batting: RHB Nick Moreno 0-0: Ground out 4-3 (Groundball, 4M, EV 81.9 MPH)
Bottom of the 3rd over - 2 runs, 3 hits, 0 errors, 1 left on base; Tri-City 1 - Auburn 2
TOP OF THE 4TH
Tri-City Dust Devils batting - Pitching for Auburn Doubledays : LHP Peni Keli'i
Batting: LHB Ramon Vega 0-0: Ball
1-0: Ball
2-0: Foul Ball, location: 2F
2-1: Foul Ball, location: 2F
2-2: Foul Ball, location: 2F
2-2: SINGLE (Groundball, 34D, EV 95.0 MPH)
Batting: RHB Mike Maserang 0-0: SINGLE (Line Drive, 56D, EV 98.8 MPH)
Ramon Vega to second
Batting: LHB Sammy Roddenberry 0-0: Ball
1-0: Swinging Strike
1-1: Foul Ball, location: 2F
1-2: Ball
2-2: DOUBLE (Line Drive, 9LD, EV 110.0 MPH)
Ramon Vega scores
Mike Maserang to third
Batting: RHB Rich Justice 0-0: Fly out, F8 (Line Drive, 8LD, EV 91.9 MPH)
Runner from 3rd tags up, SCORES, no throw by CF
Batting: LHB Mike Schermerhorn 0-0: Ball
Sammy Roddenberry steals 3rd base
1-0: Foul Ball, location: 2F
1-1: Foul Ball, location: 2F
1-2: Strikes out swinging
Batting: LHB Roger Duque 0-0: Ball
1-0: Called Strike
1-1: Ball
2-1: Ball
3-1: Swinging Strike
3-2: Foul Ball, location: 2F
3-2: Ground out U3 (Groundball, 34S, EV 90.0 MPH)
Top of the 4th over - 2 runs, 3 hits, 0 errors, 1 left on base; Tri-City 3 - Auburn 2
BOTTOM OF THE 4TH
Auburn Doubledays batting - Pitching for Tri-City Dust Devils : LHP Billy Kline
Batting: RHB Steve Bauman 0-0: Ball
1-0: Foul Ball, location: 2F
1-1: Ground out 6-3 (Groundball, 6, EV 109.4 MPH)
Batting: RHB Gabe Almazan 0-0: Foul Ball, location: 2F
0-1: Called Strike
0-2: Strikes out swinging
Batting: LHB Yoshiya Kurokawa 0-0: Ball
1-0: Fly out, F8 (Flyball, 8LS, EV 88.8 MPH)
Bottom of the 4th over - 0 runs, 0 hits, 0 errors, 0 left on base; Tri-City 3 - Auburn 2
TOP OF THE 5TH
Tri-City Dust Devils batting - Pitching for Auburn Doubledays : LHP Peni Keli'i
Batting: SHB Alex Orozco 0-0: Ball
1-0: Ball
2-0: Called Strike
2-1: Ball
3-1: Swinging Strike
3-2: Foul Ball, location: 2F
3-2: Foul Ball, location: 2F
3-2: Foul Ball, location: 2F
3-2: Strikes out looking
Batting: RHB Stephon Hill 0-0: Called Strike
0-1: Ball
1-1: SINGLE (Groundball, 6MD, EV 94.4 MPH)
Batting: RHB Jaden Scott 0-0: Hit by Pitch
Stephon Hill to second
Batting: LHB Ramon Vega 0-0: Called Strike
0-1: Ball
Passed Ball!
Stephon Hill to third
Jaden Scott to second
1-1: Ball
2-1: Foul Ball, location: 2F
2-2: Ground out 1-3 (Groundball, P, EV 70.0 MPH)
Batting: RHB Mike Maserang 0-0: Called Strike
0-1: DOUBLE (Flyball, 8RXD, EV 107.5 MPH)
Stephon Hill scores
Jaden Scott scores
Batting: LHB Sammy Roddenberry 0-0: Ball
1-0: Called Strike
1-1: Ball
2-1: SINGLE (Line Drive, 78S, EV 108.1 MPH)
Mike Maserang to third
Pitching: RHP Brent Wainwright
Batting: RHB Rich Justice 0-0: Ball
1-0: Called Strike
1-1: Ball
2-1: Fly out, F8 (Line Drive, 8LM, EV 91.2 MPH)
Top of the 5th over - 2 runs, 3 hits, 0 errors, 2 left on base; Tri-City 5 - Auburn 2
BOTTOM OF THE 5TH
Auburn Doubledays batting - Pitching for Tri-City Dust Devils : LHP Billy Kline
Batting: RHB Alex Blanco 0-0: Swinging Strike
0-1: Ground out 5-3 (Groundball, 56, EV 82.5 MPH)
Batting: RHB Brian Walker 0-0: Foul Ball, location: 2F
0-1: DOUBLE (Line Drive, 7LM, EV 111.9 MPH)
Batting: LHB Kyung-jin Cho 0-0: Hit by Pitch
Batting: RHB Derek Moran 0-0: Ball
1-0: Called Strike
1-1: Ball
2-1: Called Strike
2-2: Grounds into double play, 6-4-3 (Groundball, 6S, EV 86.9 MPH)
Bottom of the 5th over - 0 runs, 1 hit, 0 errors, 1 left on base; Tri-City 5 - Auburn 2
TOP OF THE 6TH
Tri-City Dust Devils batting - Pitching for Auburn Doubledays : RHP Brent Wainwright
Batting: LHB Mike Schermerhorn 0-0: Called Strike
0-1: Foul Ball, location: 2F
0-2: Strikes out swinging
Batting: LHB Roger Duque 0-0: Ball
1-0: Reached via error on a dropped throw from SS, E3 (Groundball, 6, EV 103.1 MPH)
Batting: SHB Alex Orozco 0-0: Ball
Roger Duque steals 2nd base
1-0: Ball
2-0: Called Strike
2-1: Ground out 4-3 (Groundball, 34D, EV 105.6 MPH)
Roger Duque to third
Batting: RHB Stephon Hill 0-0: Called Strike
0-1: Called Strike
0-2: Strikes out swinging
Top of the 6th over - 0 runs, 0 hits, 1 error, 1 left on base; Tri-City 5 - Auburn 2
BOTTOM OF THE 6TH
Auburn Doubledays batting - Pitching for Tri-City Dust Devils : LHP Billy Kline
Batting: RHB Jesus Malave 0-0: Called Strike
0-1: Ground out 5-3 (Groundball, 5, EV 80.6 MPH)
Batting: RHB Nick Moreno 0-0: Ball
1-0: Ground out U3 (Groundball, 3S, EV 90.0 MPH)
Batting: RHB Steve Bauman 0-0: Ball
1-0: Ball
2-0: Ground out 6-3 (Groundball, 6, EV 85.6 MPH)
Bottom of the 6th over - 0 runs, 0 hits, 0 errors, 0 left on base; Tri-City 5 - Auburn 2
TOP OF THE 7TH
Tri-City Dust Devils batting - Pitching for Auburn Doubledays : RHP Brent Wainwright
Pitching: RHP Chris Mosley
Batting: RHB Jaden Scott 0-0: Called Strike
0-1: Foul Ball, location: 2F
0-2: Ball
1-2: Hit by Pitch
Batting: LHB Ramon Vega 0-0: Ball
Jaden Scott is caught stealing 2nd base 2-6
1-0: SINGLE (Groundball, 6S, EV 66.9 MPH) (infield hit)
Batting: RHB Mike Maserang 0-0: Ball
Ramon Vega steals 2nd base
1-0: Swinging Strike
1-1: Ball
2-1: Ball
3-1: Base on Balls
Batting: LHB Sammy Roddenberry 0-0: Called Strike
Ramon Vega steals 3rd base
0-1: SINGLE (Flyball, 9S, EV 95.0 MPH)
Ramon Vega scores
Mike Maserang to second
Batting: RHB Rich Justice 0-0: Swinging Strike
0-1: Ball
1-1: Ball
2-1: Ball
3-1: Base on Balls
Mike Maserang to third
Sammy Roddenberry to second
Batting: LHB Mike Schermerhorn 0-0: Called Strike
0-1: Swinging Strike
0-2: Strikes out swinging
Batting: LHB Roger Duque 0-0: SINGLE (Flyball, 34D, EV 91.9 MPH)
Mike Maserang scores
Sammy Roddenberry to third
Rich Justice to second
Runner from 3rd tries for Home, SAFE, throw by RF to home
Batting: SHB Alex Orozco 0-0: Hit by Pitch
Rich Justice to third
Roger Duque to second
Batting: RHB Stephon Hill 0-0: Foul Ball, location: 2F
0-1: Swinging Strike
0-2: Ball
1-2: Ball
2-2: Fielders Choice at 2nd, 6-4 (Groundball, 6, EV 95.0 MPH)
Top of the 7th over - 3 runs, 3 hits, 0 errors, 3 left on base; Tri-City 8 - Auburn 2
BOTTOM OF THE 7TH
Auburn Doubledays batting - Pitching for Tri-City Dust Devils : LHP Billy Kline
Batting: RHB Gabe Almazan 0-0: Ball
1-0: Called Strike
1-1: Ball
2-1: Foul Ball, location: 2F
2-2: Fly out, F3 (Popup, 3, EV 71.9 MPH)
Batting: LHB Yoshiya Kurokawa 0-0: Ground out 5-3 (Groundball, 5L, EV 104.4 MPH)
Batting: RHB Alex Blanco 0-0: Ball
1-0: Ball
2-0: Called Strike
2-1: Foul Ball, location: 2F
2-2: Ball
3-2: Base on Balls
Batting: RHB Brian Walker 0-0: Ball
1-0: Called Strike
1-1: Ball
2-1: Ball
3-1: Foul Ball, location: 2F
3-2: SINGLE (Line Drive, 78S, EV 92.5 MPH)
Alex Blanco to second
Alex Blanco to third
Batting: LHB Kyung-jin Cho 0-0: Fielders Choice at 2nd, 6-4 (Groundball, 6, EV 87.5 MPH)
Bottom of the 7th over - 0 runs, 1 hit, 0 errors, 2 left on base; Tri-City 8 - Auburn 2
TOP OF THE 8TH
Tri-City Dust Devils batting - Pitching for Auburn Doubledays : RHP Chris Mosley
Batting: RHB Jaden Scott 0-0: Called Strike
0-1: Swinging Strike
0-2: Strikes out swinging
Batting: LHB Ramon Vega 0-0: Ground out 6-3 (Groundball, 6, EV 95.6 MPH)
Batting: RHB Mike Maserang 0-0: Foul Ball, location: 2F
0-1: Swinging Strike
0-2: Strikes out swinging
Top of the 8th over - 0 runs, 0 hits, 0 errors, 0 left on base; Tri-City 8 - Auburn 2
BOTTOM OF THE 8TH
Auburn Doubledays batting - Pitching for Tri-City Dust Devils : LHP Billy Kline
Batting: RHB Derek Moran 0-0: DOUBLE (Line Drive, 7LM, EV 105.0 MPH)
Batting: RHB Jesus Malave 0-0: Called Strike
0-1: Called Strike
0-2: Ball
1-2: Foul Ball, location: 2F
1-2: Strikes out swinging
Batting: RHB Nick Moreno 0-0: Ball
1-0: Called Strike
1-1: DOUBLE (Groundball, 5L, EV 101.2 MPH)
Derek Moran scores
Batting: RHB Steve Bauman 0-0: Called Strike
0-1: Ball
1-1: SINGLE (Groundball, 5D, EV 96.9 MPH)
Nick Moreno to third
Runner from 3rd tries for Home, SAFE, throw by LF to home
Batting: RHB Gabe Almazan 0-0: SINGLE (Groundball, 4M, EV 85.6 MPH) (infield hit)
Steve Bauman to second
Batting: LHB Yoshiya Kurokawa 0-0: Ball
1-0: Called Strike
1-1: Ball
2-1: Grounds into double play, 5-4-3 (Groundball, 56, EV 76.9 MPH)
Bottom of the 8th over - 2 runs, 4 hits, 0 errors, 1 left on base; Tri-City 8 - Auburn 4
TOP OF THE 9TH
Tri-City Dust Devils batting - Pitching for Auburn Doubledays : RHP Chris Mosley
Batting: LHB Sammy Roddenberry 0-0: Ball
1-0: Called Strike
1-1: Ball
2-1: Called Strike
2-2: Foul Ball, location: 2F
2-2: Foul Ball, location: 2F
2-2: Strikes out looking
Batting: RHB Rich Justice 0-0: Ball
1-0: Foul Ball, location: 2F
1-1: Swinging Strike
1-2: Ball
2-2: Strikes out swinging
Batting: LHB Mike Schermerhorn 0-0: Foul Ball, location: 2F
0-1: Swinging Strike
0-2: Ball
1-2: Strikes out swinging
Top of the 9th over - 0 runs, 0 hits, 0 errors, 0 left on base; Tri-City 8 - Auburn 4
BOTTOM OF THE 9TH
Auburn Doubledays batting - Pitching for Tri-City Dust Devils : LHP Billy Kline
Pitching: RHP Angelo Radford
Batting: RHB Alex Blanco 0-0: Ball
1-0: Ground out 5-3 (Groundball, 56S, EV 83.1 MPH)
Pinch Hitting: SHB Gabe Fraunfelder 0-0: Called Strike
0-1: Called Strike
0-2: Ball
1-2: Strikes out looking
Batting: LHB Kyung-jin Cho 0-0: Ball
1-0: Foul Ball, location: 2F
1-1: Fly out, F7 (Line Drive, 7D, EV 101.2 MPH)
Bottom of the 9th over - 0 runs, 0 hits, 0 errors, 0 left on base; Tri-City 8 - Auburn 4
Wednesday, June 22nd , 2022 - OOTP Baseball 23.4 Build 64